[Event "Late-Titled-Tuesday-Blitz-February-20-2024"]
[Site "Chess.com"]
[Date "2024.02.20"]
[Round "9"]
[White "Chessdude1987"]
[Black "jodarmarlon1985"]
[Result "0-1"]
[WhiteElo "2347"]
[BlackElo "2262"]
[TimeControl "180+1"]
[EndTime "15:43:38 PST"]
[Termination "jodarmarlon1985 won by resignation"]

1. e4 e5 2. Nf3 Nc6 3. d4 exd4 4. Nxd4 Nf6 5. Nc3 Bb4 6. Nxc6 bxc6 7. Bd3 O-O 8. O-O d5 9. exd5 cxd5 10. h3 Rb8 11.
Qf3 Re8 12. Bf4 Bd6 13. Bxd6 Qxd6 14. Rab1 c5 15. b3 Be6 16. Qg3 Qxg3 17. fxg3 c4 18. Be2 Rec8 19. bxc4 d4 20. Nb5 Ne4 21. Nxd4 Nxg3 22.
Rxb8 Rxb8 23. Bd3 Nxf1 24. Kxf1 Rc8 25. Nxe6 fxe6 26. Ke2 g6 27. Ke3 Kf7 28. Kd4 Kf6 29. c5 Rd8+ 30. Kc4 Ke5 31. c3 Rb8 32. a4 a5 33. h4 Rb2 34. c6 Kd6 35. Be4 h6 36. Kd4 e5+ 37. Kc4 Re2 38. Bf3 Re3 39. Kb5 e4 40.
Bg4 Rxc3 41. Bd7 Rc5+ 42. Kb6 e3 43. Bg4 Rxc6+ 44. Kb5 Rc2 0-1

[Event "Late-Titled-Tuesday-Blitz-February-20-2024"]
[Site "Chess.com"]
[Date "2024.02.20"]
[Round "9"]
[White "FredddieCroderg"]
[Black "Jahonas"]
[Result "1-0"]
[WhiteElo "2220"]
[BlackElo "2332"]
[TimeControl "180+1"]
[EndTime "15:43:38 PST"]
[Termination "FredddieCroderg won on time"]

1. e4 c6 2. d4 d5 3. exd5 cxd5 4.
Nf3 Nc6 5. c3 Nf6 6. Nbd2 Bf5 7.
Nh4 Bg6 8. Nxg6 hxg6 9. Nf3 Qc7 10. g3 e6 11. Bf4 Bd6 12. Bxd6 Qxd6 13. Bg2 O-O 14.
O-O b5 15. a3 a5 16. Re1 b4 17. axb4 axb4 18. Rxa8 Rxa8 19. Ne5 bxc3 20. bxc3 Ra3 21. c4 Ne4 22. c5 Qc7 23. Bxe4 Nxe5 24. Bxd5 Nd3 25.
Rxe6 fxe6 26. Bxe6+ Kf8 27. Qf3+ Ke8 28. Qe4 Ra1+ 29.
Kg2 Ne1+ 30. Kh3 Qe7 31. Qc6+ Kf8 32. d5 1-0

[Event "Late-Titled-Tuesday-Blitz-February-20-2024"]
[Site "Chess.com"]
[Date "2024.02.20"]
[Round "9"]
[White "Teidi96"]
[Black "LUISMIGUELOV"]
[Result "1-0"]
[WhiteElo "2265"]
[BlackElo "2169"]
[TimeControl "180+1"]
[EndTime "15:43:38 PST"]
[Termination "Teidi96 won by resignation"]

1. e4 c6 2. d4 d5 3. exd5 cxd5 4. c4 Nf6 5. Nc3 e6 6. Nf3 Bb4 7. cxd5 Nxd5 8. Bd2 O-O 9. Bd3 a6 10. O-O Nxc3 11.
bxc3 Bd6 12. Re1 Nd7 13. c4 Nf6 14. Bc3 b6 15. Ne5 Bb7 16. Rb1 Rc8 17. Qb3 Bxe5 18. Rxe5 Nd7 19. Rh5 g6 20. Rh3 Qg5 21. Rg3 Qh5 22.
Bb2 Rfe8 23. Qc3 b5 24. d5 e5 25. Re1 bxc4 26. Be2 Qf5 27. Bg4 Qf4 28. Bxd7 Bxd5 29.
Bxc8 Rxc8 30. Qxe5 Qxe5 31. Rxe5 Be6 32. Bc3 Rb8 33. Re1 Rb5 34. h3 h5 35. Rge3 Rg5 36. Kh2 Bd5 37. Re8+ 1-0

[Event "Late-Titled-Tuesday-Blitz-February-20-2024"]
[Site "Chess.com"]
[Date "2024.02.20"]
[Round "9"]
[White "Thjop"]
[Black "Inepton_Fermion"]
[Result "1-0"]
[WhiteElo "2617"]
[BlackElo "2402"]
[TimeControl "180+1"]
[EndTime "15:43:42 PST"]
[Termination "Thjop won by resignation"]

1. e4 c5 2. Nf3 e6 3. c3 d5 4.
exd5 Qxd5 5. d4 Nf6 6. Na3 a6 7. Nc4 Nbd7 8. a4 cxd4 9. Qxd4 Bc5 10. Qxd5 Nxd5 11. Be2 O-O 12. O-O b6 13. Nfe5 Nxe5 14.
Nxe5 f6 15. Nd3 Be7 16. Bf3 Rd8 17. c4 Nc7 18. Bxa8 Nxa8 19. Rd1 e5 20. Be3 Bf5 21.
Ne1 Rc8 22. b3 Bb4 23. Rac1 Ba3 24. Ra1 Bb4 25. Nd3 Be7 26. Kf1 Rb8 27. Ke2 Nc7 28.
f3 Ne6 29. g4 Bg6 30. Nf2 Bc5 31.
Ne4 Bxe4 32. fxe4 Nd4+ 33. Bxd4 Bxd4 34. Rac1 a5 35. Rd3 Rf8 36. Rcd1 Rd8 37. Rf3 Kf7 38. g5 Ke6 39. Rdf1 fxg5 40. Rf7 Rd7 41. Rxd7 Kxd7 42. Rf7+ Kd6 43. Rxg7 Kc5 44. Kd3 Kb4 45. Kc2 h6 46. Rg6 Be3 47. Rxh6 Bf4 48. Rxb6+ Kc5 49. Rb5+ Kd4 50.
h3 Kxe4 51. Rxa5 Kf3 52. Ra6 e4 53. Re6 e3 54. Kd3 Kf2 55. a5 Bb8 56. a6 Ba7 57. b4 e2 58. Rxe2+ 1-0

[Event "Late-Titled-Tuesday-Blitz-February-20-2024"]
[Site "Chess.com"]
[Date "2024.02.20"]
[Round "9"]
[White "IlyaGrigorjev"]
[Black "only_strong_moves"]
[Result "1-0"]
[WhiteElo "2911"]
[BlackElo "2687"]
[TimeControl "180+1"]
[EndTime "15:43:43 PST"]
[Termination "IlyaGrigorjev won by resignation"]

1. e4 e5 2. Nf3 Nc6 3. Bb5 a6 4. Ba4 Nge7 5. O-O Ng6 6. d4 exd4 7. Nxd4 Nxd4 8. Qxd4 b5 9. Bb3 Bb7 10. Rd1 Bd6 11.
Qxg7 Rf8 12. Qh6 Qe7 13. Nc3 O-O-O 14. Be3 Rde8 15. Bd5 c6 16. Bb3 Bc7 17. f3 Rg8 18. Rd2 Nh4 19. Kh1 d5 20. Re1 Rg6 21. Qxh7 Be5 22.
exd5 Rh8 23. d6 Qd7 24. Qxf7 Qxf7 25. Bxf7 Rxd6 26. Rxd6 Bxd6 27. Ne4 Bc7 28. Be6+ Kb8 29. h3 Re8 30. Nc5 Bc8 31. Bxc8 Kxc8 32. Bf2 Rh8 33. Bxh4 Rxh4 34. Re8+ Bd8 35. Ne6 1-0

[Event "Late-Titled-Tuesday-Blitz-February-20-2024"]
[Site "Chess.com"]
[Date "2024.02.20"]
[Round "9"]
[White "manitodeplomo"]
[Black "MeisterJabo"]
[Result "1-0"]
[WhiteElo "2665"]
[BlackElo "2456"]
[TimeControl "180+1"]
[EndTime "15:43:43 PST"]
[Termination "manitodeplomo won on time"]

1. d4 f5 2. g3 Nf6 3. Bg2 d5 4.
c4 c6 5. Nh3 e6 6. O-O Bd6 7.
b3 O-O 8. Ba3 b5 9. Bxd6 Qxd6 10. c5 Qe7 11. f4 a5 12. a3 Bb7 13. Nf2 Ne4 14. e3 Nd7 15. Bxe4 dxe4 16. Nc3 b4 17.
axb4 axb4 18. Na2 Ba6 19. Re1 Rfb8 20. Qd2 Nf6 21. Nxb4 Bb5 22. Rec1 Qd7 23. Nd1 Qb7 24.
Nc3 h5 25. h3 Rxa1 26. Rxa1 Bf1 27. Kxf1 Qxb4 28. Kg2 Qxb3 29. Rb1 Qxb1 30. Nxb1 Rxb1 31.
Qa5 Nd5 32. Qd8+ Kh7 33. Qg5 g6 34. Qd8 Rb2+ 35. Kg1 Rb1+ 36. Kf2 Rb2+ 37. Ke1 Nxe3 38. Qd7+ Kh6 39. Qxc6 Rc2 40. Qe8 Ng2+ 41. Kf1 1-0

[Event "Late-Titled-Tuesday-Blitz-February-20-2024"]
[Site "Chess.com"]
[Date "2024.02.20"]
[Round "9"]
[White "BilodeauA"]
[Black "Bigfish1995"]
[Result "1-0"]
[WhiteElo "3051"]
[BlackElo "3155"]
[TimeControl "180+1"]
[EndTime "15:43:45 PST"]
[Termination "BilodeauA won on time"]

1. e4 c5 2. Nf3 d6 3. d4 cxd4 4. Nxd4 Nf6 5. Nc3 a6 6. Bd3 Nbd7 7. O-O g6 8. h3 Bg7 9. Be3 O-O 10. Qd2 Qc7 11. Nd5 Nxd5 12. exd5 Ne5 13. c4 Qc5 14. Rac1 Bxh3 15. Nc6 bxc6 16. Bxc5 dxc5 17. Bb1 cxd5 18. cxd5 Bd7 19. Rxc5 Bb5 20. Rfc1 Rfd8 21. Qf4 h5 22. Re1 Nd7 23. Rxe7 Rf8 24. Rc7 Rae8 25. d6 Be5 26. Qd2 Nf6 27. a4 Bxa4 28. Bxg6 Rxe7 29. Rxe7 1-0

[Event "Late-Titled-Tuesday-Blitz-February-20-2024"]
[Site "Chess.com"]
[Date "2024.02.20"]
[Round "9"]
[White "TheMagician"]
[Black "kylelancman"]
[Result "0-1"]
[WhiteElo "2197"]
[BlackElo "2436"]
[TimeControl "180+1"]
[EndTime "15:43:47 PST"]
[Termination "kylelancman won on time"]

1. e4 c5 2. Nf3 g6 3. d4 cxd4 4. Nxd4 Nc6 5. Nc3 Bg7 6. Be3 Nf6 7. Bc4 O-O 8. Bb3 a5 9. a3 Ng4 10. Qxg4 Nxd4 11. Bxd4 Bxd4 12. Qg3 d6 13. O-O-O Bg7 14. f4 b5 15. e5 b4 16. Nb5 Ba6 17. a4 Bxb5 18.
axb5 a4 19. Bd5 Ra5 20. Bc6 a3 21. Qb3 a2 22. Kd2 dxe5+ 23. Ke2 Qb6 24. Qxb4 exf4 25. Qb3 Rb8 26. Rc1 Bh6 27. Ra1 Rd8 28. Rhe1 Rd2+ 29. Kxd2 f3+ 0-1

[Event "Late-Titled-Tuesday-Blitz-February-20-2024"]
[Site "Chess.com"]
[Date "2024.02.20"]
[Round "9"]
[White "SharathRk6"]
[Black "AndresDelgado77"]
[Result "1-0"]
[WhiteElo "2395"]
[BlackElo "2271"]
[TimeControl "180+1"]
[EndTime "15:43:50 PST"]
[Termination "SharathRk6 won on time"]

1. e4 e6 2. d4 d5 3. e5 c5 4. c3 Qb6 5. Nf3 Nc6 6. Be2 cxd4 7. cxd4 Nh6 8. Bxh6 Qxb2 9. Nbd2 gxh6 10. O-O Qb6 11. Rb1 Qd8 12. Qc2 Bg7 13. Bb5 O-O 14.
Bxc6 bxc6 15. Qxc6 Bd7 16. Qd6 Qe8 17. Nb3 Bb5 18.
Rfc1 Bd3 19. Rb2 Rb8 20. Rd2 Be4 21. Nc5 Bxf3 22. gxf3 Rd8 23. Qc7 f6 24. f4 Qg6+ 25.
Kh1 Rc8 26. Qd7 fxe5 27. Rg1 Qf7 28. Rxg7+ Kxg7 29. Nxe6+ Kh8 30. Nxf8 Rc1+ 31. Kg2 Qxf8 32. Qxd5 Qxf4 33. Qxe5+ Qxe5 34. dxe5 Kg7 35. f4 Kg6 36. Kf3 Kf5 37. Ke3 Rf1 38. Kd4 Rxf4+ 39. Kd5 1-0

[Event "Late-Titled-Tuesday-Blitz-February-20-2024"]
[Site "Chess.com"]
[Date "2024.02.20"]
[Round "9"]
[White "GoltsevDmitry2000"]
[Black "RantomOpening"]
[Result "1-0"]
[WhiteElo "2770"]
[BlackElo "2579"]
[TimeControl "180+1"]
[EndTime "15:43:51 PST"]
[Termination "GoltsevDmitry2000 won on time"]

1. e4 c5 2. Nf3 e6 3. b3 a6 4.
Bb2 Nc6 5. d4 cxd4 6. Nxd4 Qf6 7. Be2 Bc5 8. c3 Nge7 9. O-O O-O 10. Na3 d5 11. exd5 Nxd5 12. Nc4 Nxc3 13. Bxc3 Nxd4 14. Bd3 Rd8 15. Rc1 e5 16. Nd2 Bf5 17. Ne4 Bxe4 18.
Bxe4 Rab8 19. Bb2 Bb6 20. Qd3 h6 21. Qc4 Qf4 22. Rfe1 Nf5 23. Rc2 Rd2 24. Rxd2 Qxd2 25. Qe2 Qxe2 26. Rxe2 Nd4 27. Re1 Rc8 28. Kf1 Rc7 29.
Bd3 f6 30. Bc4+ Kf8 31. Bd3 Bc5 32. Bg6 Bb6 33. f4 Nc6 34. Ba3+ Kg8 35. Bf5 Bd4 36. Bd6 Rf7 37. Be6 1-0

[Event "Late-Titled-Tuesday-Blitz-February-20-2024"]
[Site "Chess.com"]
[Date "2024.02.20"]
[Round "9"]
[White "Franmu14"]
[Black "Bryanl106"]
[Result "0-1"]
[WhiteElo "2672"]
[BlackElo "2549"]
[TimeControl "180+1"]
[EndTime "15:43:51 PST"]
[Termination "Bryanl106 won by resignation"]

1. e4 e5 2. Nc3 Nf6 3. Nf3 Nc6 4. Bb5 Bb4 5. d3 d6 6. O-O O-O 7. Ne2 a6 8. Ba4 h6 9. c3 Ba5 10. Ng3 Bb6 11. h3 Be6 12. Re1 Ne7 13. d4 Ng6 14.
Be3 Bd7 15. Bc2 Re8 16. Qd2 Ba7 17. Rad1 Qc8 18. Nf5 exd4 19. Bxh6 Nxe4 20. Bxe4 Bxf5 21. Bd5 dxc3 22. bxc3 c6 23. Bb3 d5 24. c4 Be4 25.
cxd5 gxh6 26. Rxe4 Rxe4 27. d6 Qf8 28. d7 Rd8 29.
Qc2 Qe7 30. Qd2 Kg7 31. g3 Re2 32. Qc3+ Kg8 33. Nd4 Rxd7 34. Nxe2 Qxe2 35. Bxf7+ Rxf7 36. Rd8+ Kh7 0-1

[Event "Late-Titled-Tuesday-Blitz-February-20-2024"]
[Site "Chess.com"]
[Date "2024.02.20"]
[Round "9"]
[White "David_George21"]
[Black "DeArron_Fox"]
[Result "0-1"]
[WhiteElo "2388"]
[BlackElo "2510"]
[TimeControl "180+1"]
[EndTime "15:43:52 PST"]
[Termination "DeArron_Fox won by resignation"]

1. e4 c5 2. Nf3 e6 3. d4 cxd4 4. Nxd4 a6 5. Bd3 Bc5 6. Nb3 Ba7 7. O-O Ne7 8. c4 O-O 9. Nc3 Nbc6 10. Bf4 d6 11.
Be2 e5 12. Be3 Bxe3 13. fxe3 f5 14. exf5 Nxf5 15. Nd5 Be6 16. Bf3 Kh8 17. Qd2 Qg5 18. Nc7 Bxc4 19. Nxa8 Bxf1 20. Rxf1 Rxa8 21. Be4 Qxe3+ 22.
Qxe3 Nxe3 23. Rf7 d5 24. Bf3 e4 25. Be2 d4 26. Kf2 Kg8 27. Rxb7 Rf8+ 28. Kg3 d3 29. Bh5 g6 30. Bg4 Nxg4 31. Kxg4 e3 32. Re7 Nxe7 0-1

[Event "Late-Titled-Tuesday-Blitz-February-20-2024"]
[Site "Chess.com"]
[Date "2024.02.20"]
[Round "9"]
[White "Viktor_Poddubnyi"]
[Black "campochess"]
[Result "0-1"]
[WhiteElo "2237"]
[BlackElo "2166"]
[TimeControl "180+1"]
[EndTime "15:43:53 PST"]
[Termination "campochess won on time"]

1. e4 c5 2. Nf3 Nc6 3. d4 cxd4 4. Nxd4 e5 5. Nb5 a6 6. Nd6+ Bxd6 7. Qxd6 Qe7 8. Qd1 Nf6 9. Nc3 h6 10. Bc4 d6 11.
Nd5 Nxd5 12. Bxd5 Be6 13. O-O O-O 14. Be3 Rac8 15. c3 Kh8 16. Qd3 f5 17. f3 Bxd5 18.
Qxd5 Qc7 19. Rad1 Rcd8 20. Qb3 b5 21. a4 Na5 22. Qb4 Nc4 23. Bc1 Rb8 24. axb5 Rxb5 25. Qa4 Qa7+ 26. Kh1 Nb6 27. Qa3 Nc8 28. b4 a5 29.
Rfe1 fxe4 30. fxe4 axb4 31. Qxa7 Nxa7 32. cxb4 Rxb4 33.
Rxd6 Rxe4 34. Red1 Nb5 35. Rd8 Rxd8 36. Rxd8+ Kh7 37. Bd2 Nd4 38. h3 Ne2 39. Re8 Rd4 40. Be3 Rd1+ 41. Kh2 Rd5 42. g4 Kg6 43. Kg2 Kf7 44. Ra8 Nc3 45. Kf3 Nd1 46. Ra7+ Kg8 0-1

[Event "Late-Titled-Tuesday-Blitz-February-20-2024"]
[Site "Chess.com"]
[Date "2024.02.20"]
[Round "9"]
[White "Josetricks"]
[Black "zajka-molotok"]
[Result "1-0"]
[WhiteElo "2416"]
[BlackElo "2507"]
[TimeControl "180+1"]
[EndTime "15:43:54 PST"]
[Termination "Josetricks won on time"]

1. e4 c5 2. c3 d5 3. exd5 Qxd5 4. d4 Nc6 5. Nf3 Bg4 6. Be2 e6 7. O-O Nf6 8. h3 Bh5 9. Be3 cxd4 10. cxd4 Be7 11.
Nc3 Qd6 12. Qb3 O-O 13. Rfd1 Qb4 14. d5 Qxb3 15. axb3 exd5 16. Nxd5 Nxd5 17. Rxd5 Bg6 18. Rd7 Bf6 19. Rxb7 Bxb2 20. Ra6 Be4 21. Nd2 Bd5 22.
Bc4 Bxc4 23. Nxc4 Nd8 24. Rbxa7 Rxa7 25. Rxa7 Bf6 26. b4 Ne6 27. b5 Rc8 28. Nd6 Rd8 29. Nc4 h5 30. b6 Rd1+ 31. Kh2 Rb1 32. b7 Kh7 33. Bb6 Be5+ 34. Nxe5 Rxb6 35. Nd7 1-0

[Event "Late-Titled-Tuesday-Blitz-February-20-2024"]
[Site "Chess.com"]
[Date "2024.02.20"]
[Round "9"]
[White "DonJuanEGenaro"]
[Black "yaguigor"]
[Result "1-0"]
[WhiteElo "2174"]
[BlackElo "2625"]
[TimeControl "180+1"]
[EndTime "15:43:56 PST"]
[Termination "DonJuanEGenaro won by resignation"]

1. d4 d5 2. Nf3 Nf6 3. c4 c6 4.
cxd5 cxd5 5. Nc3 Nc6 6. Bf4 Bf5 7. e3 e6 8. Be2 Bd6 9. Bxd6 Qxd6 10. a3 O-O 11.
O-O Rfc8 12. Qb3 Na5 13. Qa2 Nc4 14. Rfc1 a6 15. b3 Na5 16. Na4 b5 17. Nc5 Ne4 18.
b4 Nc4 19. a4 Qd8 20. Ne5 Ned6 21. Nxc4 bxc4 22. Qa3 Qb6 23. Ra2 a5 24. b5 Ne4 25.
Nxe4 Bxe4 26. Rc3 Rc7 27. h4 Rd8 28. h5 h6 29. Ra1 f6 30. Rac1 e5 31. Rd1 Qe6 32. dxe5 fxe5 33. Rxc4 Rxc4 34. Bxc4 Rf8 35. Be2 Rd8 36. Qc5 Qd6 37. Qxd6 Rd7 38. Qxd7 1-0

[Event "Late-Titled-Tuesday-Blitz-February-20-2024"]
[Site "Chess.com"]
[Date "2024.02.20"]
[Round "9"]
[White "Doublekk14"]
[Black "Atousa"]
[Result "0-1"]
[WhiteElo "2303"]
[BlackElo "2453"]
[TimeControl "180+1"]
[EndTime "15:43:56 PST"]
[Termination "Atousa won on time"]

1. c4 e6 2. e4 d5 3. exd5 exd5 4. d4 Nf6 5. Nf3 Bb4+ 6. Nc3 O-O 7. Be2 dxc4 8. O-O Bg4 9. Bxc4 c6 10. Be3 Nbd7 11. h3 Bh5 12. g4 Bg6 13. Ne5 Bxc3 14.
bxc3 Nd5 15. Nxg6 hxg6 16. Qb3 N7b6 17. Bxd5 Nxd5 18. Qxb7 Qd6 19. Kg2 Rfb8 20. Qa6 Nxe3+ 21. fxe3 Rb2+ 22. Rf2 Rxf2+ 23. Kxf2 Qh2+ 24. Kf3 Qxh3+ 25.
Ke2 Qxg4+ 26. Kd3 Qf5+ 27. Kd2 Rb8 28. Qa3 Qf2+ 29. Kd3 Rb2 30. Qe7 Qe2+ 31. Ke4 Qc2+ 32. Ke5 Qf5+ 33. Kd6 Qd5+ 34. Kc7 Qa5+ 35. Kd6 Qa3+ 0-1

[Event "Late-Titled-Tuesday-Blitz-February-20-2024"]
[Site "Chess.com"]
[Date "2024.02.20"]
[Round "9"]
[White "besarquis"]
[Black "yuriydovzik"]
[Result "1-0"]
[WhiteElo "2223"]
[BlackElo "2156"]
[TimeControl "180+1"]
[EndTime "15:43:56 PST"]
[Termination "besarquis won on time"]

1. e4 c6 2. d4 Na6 3. Nf3 d6 4. Bc4 e6 5. a4 d5 6. exd5 exd5 7.
Bxa6 Qa5+ 8. Bd2 Qxa6 9. Qe2+ Qxe2+ 10. Kxe2 Nf6 11. Re1 Ne4 12. Ng5 Nxg5 13. Bxg5 Bf5 14.
Nc3 Kd7 15. Kd2 Bb4 16. a5 f6 17. Bf4 b6 18. axb6 axb6 19. f3 c5 20. Be3 c4 21.
Bf4 g5 22. Bg3 h5 23. Bf2 h4 24. Be3 Rhe8 25. Bf2 Rxe1 26. Rxa8 Rb1 27. Ra2 Bg6 28. Be3 Kc6 29. g3 hxg3 30. hxg3 1-0

[Event "Late-Titled-Tuesday-Blitz-February-20-2024"]
[Site "Chess.com"]
[Date "2024.02.20"]
[Round "9"]
[White "pr1105"]
[Black "cmunda"]
[Result "0-1"]
[WhiteElo "2330"]
[BlackElo "2148"]
[TimeControl "180+1"]
[EndTime "15:43:57 PST"]
[Termination "cmunda won by checkmate"]

1. e4 c5 2. Nf3 Nc6 3. Bb5 Nd4 4. Nxd4 cxd4 5. O-O e6 6. c3 Bc5 7. cxd4 Bxd4 8. Nc3 Ne7 9. d3 O-O 10. Be3 Qb6 11.
Bxd4 Qxd4 12. Qd2 Ng6 13. Ne2 Qb6 14. Ba4 d5 15. Rac1 Rd8 16. Qc3 dxe4 17. dxe4 e5 18. Bb3 Bg4 19. Ng3 Nf4 20. Qxe5 Nd3 21. Qc7 Nxc1 22.
Qxf7+ Kh8 23. Rxc1 Rf8 24. Qd5 Qxf2+ 25. Kh1 Rac8 26.
Rg1 Rcd8 27. Qg5 Be6 28. Bd5 Bxd5 29. exd5 Rc8 30. h3 Rce8 31. Nh5 Rf7 32. d6 h6 33.
Qg6 Re1 34. d7 Qxg1# 0-1

[Event "Late-Titled-Tuesday-Blitz-February-20-2024"]
[Site "Chess.com"]
[Date "2024.02.20"]
[Round "9"]
[White "aistrel"]
[Black "JoakimVonAnd"]
[Result "0-1"]
[WhiteElo "2551"]
[BlackElo "2699"]
[TimeControl "180+1"]
[EndTime "15:43:59 PST"]
[Termination "JoakimVonAnd won on time"]

1. d4 Nf6 2. Nc3 d5 3. Bf4 e6 4.
Nb5 Na6 5. e3 Be7 6. Nf3 O-O 7.
Be2 Bd7 8. O-O Nh5 9. Be5 f6 10.
Bg3 Nxg3 11. hxg3 c5 12. c3 Nb8 13. a4 Nc6 14. Bd3 a6 15. Na3 Be8 16. Rc1 Bf7 17. Bb1 cxd4 18. cxd4 e5 19. dxe5 fxe5 20. e4 Bxa3 21.
bxa3 d4 22. Rxc6 bxc6 23. Nxe5 Be8 24. Ba2+ Kh8 25. Qc2 Qd6 26. f4 Rd8 27. Rf3 c5 28. a5 Rb8 29. Bc4 Qc7 30. g4 Qxa5 31. f5 Qe1+ 32. Kh2 Rb1 33. Rh3 Rc1 34. Qb3 Rc3 0-1

[Event "Late-Titled-Tuesday-Blitz-February-20-2024"]
[Site "Chess.com"]
[Date "2024.02.20"]
[Round "9"]
[White "el008"]
[Black "Onthequiet"]
[Result "0-1"]
[WhiteElo "2520"]
[BlackElo "2442"]
[TimeControl "180+1"]
[EndTime "15:43:59 PST"]
[Termination "Onthequiet won by checkmate"]

1. Nf3 d5 2. b3 Nf6 3. Bb2 Bf5 4.
e3 e6 5. Be2 Nbd7 6. O-O h6 7.
c4 c6 8. Nc3 Be7 9. d3 O-O 10.
Re1 Bh7 11. Bf1 a5 12. a3 Nc5 13. b4 Na6 14. b5 Nc5 15. d4 Nce4 16. c5 b6 17. cxb6 Qxb6 18. Na4 Qc7 19. b6 Qb7 20. Ne5 c5 21. f3 Ng5 22. dxc5 Rfc8 23. Bb5 Bxc5 24.
Bd4 Bxd4 25. Qxd4 Ne8 26. h4 Nd6 27. Bd7 f6 28. Bxc8 Rxc8 29. hxg5 fxe5 30. Qxe5 Qe7 31.
gxh6 gxh6 32. Rac1 Nc4 33. Qg3+ Kh8 34. Nc3 Rf8 35. Nb5 Qc5 36. Nd4 Qxb6 37. Rxc4 dxc4 38. Qe5+ Kg8 39. Nxe6 Rf7 40. Rd1 Bd3 41. Kf2 Re7 42. Qg3+ Kf7 43. Nd4 Qb2+ 44. Kg1 Qxa3 45. Qf4+ Ke8 46.
Nc6 Qa4 47. Qb8+ Kf7 48. Nd8+ Kg7 49. Qb2+ Kh7 50. Ra1 Qd7 51. Qb8 Rxe3 52. Qc8 Qd4 53. Qc7+ Kg6 54. Qg3+ Kh7 55. Kh2 Re5 56. Qh3 Qxa1 57.
Qd7+ Kg6 58. Qd6+ Kg7 59. Nc6 Rg5 60. Qe7+ Kg6 61. Qe6+ Qf6 62. Qg8+ Kh5 63. Qe8+ Kh4 64. Qb8 Rxg2+ 65. Kxg2 Qb2+ 66. Kg1 Qxb8 67. Nxb8 c3 68. Nc6 c2 69. Ne5 c1=Q+ 70. Kg2 Kg5 71. Nxd3 Kf6 72. Nf2 Qb2 73. Kg3 Qxf2+ 74. Kxf2 a4 75. Ke3 a3 76.
Kd3 a2 77. Ke4 a1=Q 78. Kf4 Qb2 79. Kg4 Qb3 80. Kg3 Qe3 81. Kg2 Ke5 82. Kg3 Qf4+ 83.
Kg2 Kd4 84. Kf2 Kd3 85. Kg2 Ke2 86. Kh3 Qxf3+ 87. Kh4 Qg2 88. Kh5 Kf3 89. Kxh6 Kf4 90. Kh7 Kf5 91. Kh8 Kf6 92. Kh7 Qg7# 0-1

[Event "Late-Titled-Tuesday-Blitz-February-20-2024"]
[Site "Chess.com"]
[Date "2024.02.20"]
[Round "9"]
[White "MrKGG1"]
[Black "Fandorine"]
[Result "0-1"]
[WhiteElo "2592"]
[BlackElo "2906"]
[TimeControl "180+1"]
[EndTime "15:44:01 PST"]
[Termination "Fandorine won on time"]

1. e4 c5 2. Nc3 d6 3. g3 g6 4. Bg2 Bg7 5. d3 Nc6 6. Be3 Rb8 7. Qd2 b5 8. Nge2 b4 9. Nd1 e5 10. a3 a5 11. axb4 axb4 12. f4 h5 13. O-O h4 14. f5 hxg3 15. hxg3 Nf6 16. Bg5 Rh5 17. g4 Rh8 18. Ne3 Nxe4 19. Bxe4 Qxg5 20. Bxc6+ Kd8 21.
Ng3 Bh6 22. Rae1 Qxg4 23. Nxg4 Bxd2 24. Re2 Bf4 25. Rxf4 exf4 26. Nf1 Bxf5 27. Nf6 Be6 28. Bd5 Ke7 29. Bxe6 Kxf6 30. Bd5 Rbe8 31. Rf2 g5 32. Nd2 Kg6 33. Bf3 f5 34. Nc4 g4 35. Be2 f3 36. Bf1 d5 37. Nb6 d4 38. Nd5 Re1 39. Nf4+ Kg5 40. Nd5 f4 41. Nc7 Re3 42. Nb5 g3 43. Rd2 Re1 44. Nd6 Rh1+ 0-1

[Event "Late-Titled-Tuesday-Blitz-February-20-2024"]
[Site "Chess.com"]
[Date "2024.02.20"]
[Round "9"]
[White "BabageldiAnnaberdiyev"]
[Black "vanyakuba"]
[Result "1-0"]
[WhiteElo "2617"]
[BlackElo "2406"]
[TimeControl "180+1"]
[EndTime "15:44:01 PST"]
[Termination "BabageldiAnnaberdiyev won by resignation"]

1. e4 d5 2. exd5 Qxd5 3. Nc3 Qa5 4. d4 Nf6 5. Nf3 Bg4 6. h3 Bh5 7. Bd2 Nc6 8. Bb5 O-O-O 9. Bxc6 bxc6 10. g4 Nxg4 11.
hxg4 Bxg4 12. Rg1 Qh5 13. Rxg4 Qxg4 14. Qe2 Kb7 15. O-O-O e6 16. Rg1 Qh3 17. Ne4 h6 18. a3 Qf5 19. Bb4 Qb5 20. Qxb5+ cxb5 21. Bxf8 Rdxf8 22. Rxg7 h5 23. Nc5+ Kc6 24. Ne5+ Kd5 25. c3 h4 26. Nxf7 h3 27. Rg5+ Kc6 28. Ne5+ Kb6 29. Ned7+ Kc6 30. Ne5+ Kd6 31. Rg1 h2 32. Rh1 Rxf2 33.
Ne4+ Kd5 34. Nxf2 c5 35. Neg4 cxd4 36. cxd4 Kxd4 37. Rxh2 Rc8+ 38. Kd2 e5 39. Rh4 Kd5 40. Ne3+ Ke6 41. Rh6+ Kf7 42. Ra6 Rc7 43. Ne4 Rd7+ 44. Ke2 Rd4 45. Nc3 1-0

[Event "Late-Titled-Tuesday-Blitz-February-20-2024"]
[Site "Chess.com"]
[Date "2024.02.20"]
[Round "9"]
[White "subham777"]
[Black "Supelyel"]
[Result "0-1"]
[WhiteElo "2585"]
[BlackElo "2467"]
[TimeControl "180+1"]
[EndTime "15:44:02 PST"]
[Termination "Supelyel won by resignation"]

1. e4 d6 2. Nc3 Nf6 3. g3 e5 4.
Bg2 Be7 5. Nge2 O-O 6. O-O Nbd7 7. d3 c6 8. f4 b5 9. a3 Bb7 10. h3 a5 11. f5 b4 12. Na4 d5 13. g4 dxe4 14. dxe4 Nc5 15. Nxc5 Bxc5+ 16. Kh2 Ba6 17. Qe1 h6 18. g5 hxg5 19. Bxg5 Ng4+ 20. hxg4 Qxg5 21. Bf3 Rfd8 22. axb4 axb4 23. Qg3 Rd2 24. Rfd1 Rxd1 25. Rxd1 Be3 26. Ra1 g6 27. Kg2 Ra7 28.
Qxe5 Bxe2 29. Rxa7 Bxf3+ 30. Kxf3 Bxa7 31. Qe8+ Kg7 32. Qxc6 Qe3+ 33. Kg2 Qf2+ 34. Kh3 Be3 35. Qd6 Bf4 36.
Qd4+ Qxd4 0-1

[Event "Late-Titled-Tuesday-Blitz-February-20-2024"]
[Site "Chess.com"]
[Date "2024.02.20"]
[Round "9"]
[White "Navyblue1"]
[Black "laskakid"]
[Result "0-1"]
[WhiteElo "2210"]
[BlackElo "2348"]
[TimeControl "180+1"]
[EndTime "15:44:02 PST"]
[Termination "laskakid won on time"]

1. d4 Nf6 2. c4 g6 3. Nc3 Bg7 4. e4 d6 5. h3 O-O 6. Be3 e5 7. d5 a5 8. g4 Na6 9. Nge2 h5 10. gxh5 Nxh5 11. Qd2 Nc5 12. Bg2 f5 13. Bf3 Qh4 14. Bxh5 Qxh5 15. Ng3 Qf3 16. Bxc5 dxc5 17. Qe2 fxe4 18.
Ncxe4 Qg2 19. O-O-O Bh6+ 20. Kb1 Qf3 21. Qxf3 Rxf3 22.
Ka1 b6 23. Rde1 Ba6 24. b3 Raf8 25. h4 Bf4 26. h5 g5 27. h6 Kh7 28. Rh5 g4 29. Rh4 Bc8 30. Reh1 Bxg3 31. fxg3 Re3 32. Ng5+ Kh8 33. h7 Rxg3 34. Rh6 Rg2 35. Rg6 Bf5 36.
Rgh6 Bd3 37. Ne6 Rff2 0-1

[Event "Late-Titled-Tuesday-Blitz-February-20-2024"]
[Site "Chess.com"]
[Date "2024.02.20"]
[Round "9"]
[White "jinxy2009"]
[Black "Bkmzzzzz"]
[Result "0-1"]
[WhiteElo "2187"]
[BlackElo "2378"]
[TimeControl "180+1"]
[EndTime "15:44:05 PST"]
[Termination "Bkmzzzzz won by resignation"]

1. e4 d6 2. d4 Nf6 3. Nc3 e5 4. Nf3 Nbd7 5. Rg1 exd4 6. Nxd4 Nc5 7. f3 Be7 8. Be3 Be6 9. Qd2 Qd7 10. O-O-O a6 11. Nxe6 Nxe6 12. g4 O-O-O 13. Kb1 Kb8 14. g5 Ne8 15. Nd5 Bf8 16. Qb4 Qc6 17. Rd3 Qb5 18.
Rb3 Qxb4 19. Rxb4 Ka8 20. f4 Nc5 21. Rc4 Kb8 22. b4 Nd7 23. a4 f6 24. g6 hxg6 25.
h3 g5 26. f5 Ne5 27. Rc3 c6 28. Nb6 Nc7 29. b5 axb5 30. axb5 d5 31. bxc6 Nxc6 32.
Bb5 Nxb5 33. Rb3 Nc7 34. Bf2 dxe4 35. Bg3 Bd6 36. Bxd6 Rxd6 37. Rf1 Rhd8 38. Re1 Rd1+ 39. Rxd1 Rxd1+ 40. Kb2 Nd5 41. Ra3 Nxb6 0-1